Map: Oxide LE

Players

RAGNAROK (SHIN)

  • Race: Zerg Zerg
  • League: Master
  • Spawn Location: 7:00

Solar - Winner!

  • Race: Zerg Zerg
  • League: Master
  • Spawn Location: 1:00

Event: Cheeseadelphia Winter Championship 2021

VOD

Have the link to the VOD?

Description

Time

  • Played on: Jan. 24, 2021, 2:22 p.m.
  • Length: 6:10

All games in this series

Show
View Real Time Build Order
Export as new Build Order

RAGNAROK Zerg 

Build Orders: Hatch First 

Get SALT Encoding   

  12  0:00  Drone  
  13  0:12  Overlord  
  13  0:17  Drone  
  14  0:31  Drone x2  
  16  0:47  Hatchery  
  15  0:51  Drone  
  15  0:55  Drone  
  17  0:58  Drone  
  18  1:08  Extractor  
  17  1:13  Spawning Pool  
  17  1:15  Drone  
  17  1:19  Drone  
  18  1:28  Drone  
  19  1:44  Drone  
  20  1:50  Drone  
  21  1:59  Queen x2  
  21  2:00  Drone x2  
  27  2:10  Overlord  
  27  2:13  Drone  
  27  2:14  Metabolic Boost  
  28  2:30  Zergling x2  
  28  2:31  Zergling x2  
  28  2:33  Hatchery  
  28  2:34  Drone  
  28  2:36  Drone  
  31  2:48  Baneling Nest  
  31  2:49  Drone  
  31  2:50  Overlord  
  31  2:56  Drone x2  
  33  3:09  Zergling x12  
  33  3:10  Zergling x2  
  33  3:12  Zergling x2  
  41  3:18  Overlord  
  41  3:20  Zergling x2  
  42  3:27  Queen  
  42  3:31  Baneling x4  
  43  3:37  Zergling x2  
  43  3:38  Zergling x2  
  45  3:42  Zergling x6  
  45  3:46  Zergling x4  
  50  3:53  Drone x3  
  53  4:02  Extractor, Roach Warren  
  50  4:03  Overlord  
  48  4:13  Overlord  
  48  4:17  Drone  
  49  4:30  Drone x2  
  50  4:32  Drone  
  50  4:37  Evolution Chamber  
  50  4:44  Roach x7  
  53  4:53  Roach x3  
  53  4:56  Roach  
  53  4:58  Zergling x2  
  53  4:59  Zergling x2  
  62  5:02  Zergling x2  
  62  5:04  Zergling x2  
  62  5:06  Zergling x2  
  62  5:08  Zergling x2  
  62  5:10  Zergling x2  
  64  5:14  Zergling x2  
  64  5:15  Zergling x2  
  64  5:17  Zergling x2  
  64  5:19  Ravager  
  64  5:20  Zergling x2  
  64  5:21  Ravager  
  66  5:25  Zergling x4  
  66  5:27  Zergling x4  
  58  5:29  Zergling x2  
  58  5:31  Zergling x2  
  58  5:33  Zergling x2  
  58  5:35  Zergling x2  
  56  5:37  Zergling x2  
  56  5:39  Zergling x2  
  56  5:41  Zergling x2  
  48  5:43  Zergling x2  
  48  5:46  Roach  
  51  5:50  Roach  
Show
View Real Time Build Order
Export as new Build Order

Solar Zerg - Winner!

Build Orders: Hatch First 

Get SALT Encoding   

  12  0:00  Drone  
  13  0:12  Overlord  
  13  0:17  Drone  
  14  0:30  Drone x2  
  16  0:47  Hatchery  
  15  0:51  Drone  
  15  0:54  Drone  
  17  0:57  Drone  
  18  1:05  Extractor  
  17  1:14  Spawning Pool  
  17  1:16  Drone  
  17  1:20  Drone  
  18  1:28  Drone  
  19  1:41  Drone  
  20  1:51  Drone  
  21  2:00  Queen x2  
  25  2:02  Zergling x2, Overlord  
  25  2:05  Metabolic Boost  
  26  2:12  Drone x2  
  28  2:21  Drone x2  
  30  2:34  Hatchery, Drone  
  30  2:38  Drone  
  30  2:42  Drone  
  30  2:43  Overlord  
  32  2:54  Zergling x4  
  34  3:04  Zergling x4  
  36  3:09  Zergling x12  
  42  3:13  Roach Warren  
  42  3:16  Drone  
  42  3:20  Overlord  
  42  3:27  Drone  
  42  3:29  Overlord  
  43  3:42  Zergling x10  
  48  3:54  Roach x5  
  57  4:00  Roach  
  57  4:01  Queen  
  61  4:06  Roach  
  61  4:09  Roach  
  60  4:15  Overlord x2  
  59  4:19  Roach  
  61  4:25  Roach  
  61  4:26  Roach  
  61  4:29  Overlord  
  65  4:35  Zergling x6  
  68  4:39  Zergling x4  
  68  4:42  Zergling x2  
  71  4:45  Ravager  
  71  4:47  Zergling x2  
  71  4:48  Zergling x2  
  62  4:53  Zergling x6  
  62  4:56  Zergling x4  
  62  4:58  Zergling x2  
  68  5:00  Zergling x2  
  68  5:02  Zergling x2  
  68  5:04  Zergling x2  
  71  5:08  Zergling x4  
  71  5:11  Ravager  
  73  5:14  Zergling x4  
  73  5:18  Zergling x2  
  73  5:22  Zergling x2  
  73  5:24  Ravager  
  73  5:27  Zergling x8  
  75  5:29  Zergling x2  
  71  5:35  Zergling x4  
  71  5:37  Zergling x2  
  71  5:38  Zergling x2  
  71  5:41  Zergling x4  
  71  5:43  Zergling x2  
  71  5:45  Zergling x2  
  71  5:49  Zergling x4  
  75  5:53  Ravager  
Tags
 
Add a new tag
Caveats
  • Supply blocks, unpowered buildings, or Contaminate may cause inaccurate times.
  • Supply counts are checked every 10 seconds.